 Dungeon Crawl Stone Soup version 0.31-a0-662-g684573625c (webtiles) character file.

Game seed: 4656501439880135475

95449 avis the Spry (level 15, -2/78 HPs)
             Began as a Felid Summoner on Aug 29, 2023.
             Was an Initiate of Gozag.
             Slain by a spark wasp (13 damage)
             ... on level 1 of the Spider Nest on Sept 1, 2023.
             The game lasted 05:43:36 (38684 turns).

avis the Spry (Felid Summoner)                     Turns: 38684, Time: 05:43:37

Health: -2/78      AC:  3    Str:  4    XL:     15   Next: 66%
Magic:  26/31      EV: 45    Int: 28    God:    Gozag
Gold:   2568       SH:  0    Dex: 19    Spells: 2/36 levels left
                                        Lives:  0   Deaths: 4

rFire   . . .        (weapon unavailable)
rCold   + . .        (shield unavailable)
rNeg    . . .        (body armour unavailable)
rPois   .            (helmet unavailable)
rElec   .            (cloak unavailable)
rCorr   .            (gloves unavailable)
SInv    +            (boots unavailable)
Will    ++...        L - amulet of the acrobat
Stlth   +++          w - +6 ring of intelligence
HPRegen 0.33/turn    D - ring of wizardry
MPRegen 0.22/turn

%: acrobat, wizardry (x1)
@: acrobatic, studying Evocations, quick
A: very small, claws 1, fangs 3, see invisible, speed 1, shaggy fur 3, stealthy
paws, no weapons or thrown items, no armour, multi-lived
a: Renounce Religion, Potion Petition, Call Merchant, Bribe Branch


You were on level 1 of the Spider Nest.
You worshipped Gozag.
Gozag was most pleased with you.
You visited 6 branches of the dungeon, and saw 24 of its levels.
You also visited: Bailey.

You collected 7952 gold pieces.
You spent 4566 gold pieces at shops.
You paid 818 gold pieces to Gozag.

Inventory:

Jewellery
 d - an amulet of reflection
 q - the necklace of Bloodlust {Fury *Rage Will++ Int-3 Slay+6}
   (You found it on level 13 of the Dungeon)

   [amulet of nothing]

   Fury:      It extends the wearer's berserk rage when killing foes.
   Int-3:     It affects your intelligence (-3).
   Slay+6:    It affects your accuracy & damage with ranged weapons and melee
   (+6).
   Will++:    It greatly increases your willpower.
   *Rage:     It berserks you when you make melee attacks (+50% chance).
 w - a +6 ring of intelligence (left paw)
 D - a ring of wizardry (right paw)
 E - a ring of fire
 K - a ring of protection from cold
 L - an amulet of the acrobat (around neck)
Talismans
 a - a dragon-blood talisman
Wands
 l - a wand of polymorph (23)
 n - a wand of mindburst (20)
 p - a wand of digging (2)
 v - a wand of paralysis (8)
 x - a wand of iceblast (17)
 y - a wand of flame (23)
 C - a wand of light (27)
Scrolls
 c - a scroll of revelation
 e - a scroll of poison
 g - 5 scrolls of blinking
 h - 10 scrolls of teleportation
 t - 2 scrolls of fog
 G - a scroll of identify
 H - 2 scrolls of fear
Potions
 i - 7 potions of might
 j - 3 potions of resistance
 k - 6 potions of mutation
 m - 4 potions of enlightenment
 r - a potion of heal wounds
 s - 2 potions of curing
 u - 2 potions of brilliance
 B - 2 potions of haste
 F - 3 potions of lignification
 M - a potion of cancellation
Miscellaneous
 A - a phantom mirror


   Skills:
 - Level 16.0 Fighting
 - Level 16.3 Dodging
 - Level 3.1 Stealth
 - Level 11.0 Spellcasting
 - Level 8.8 Hexes
 - Level 12.1 Summonings
 - Level 7.0 Translocations
 - Level 4.0 Fire Magic
 - Level 7.0 Air Magic
 - Level 6.0 Evocations
 * Level 10.0 Shapeshifting


You had 2 spell levels left.
You knew the following spells:

 Your Spells              Type           Power      Damage    Failure   Level
c - Call Imp              Summ           100%       N/A       1%          2
d - Call Canine Familiar  Summ           70%        N/A       1%          3
f - Swiftness             Air            53%        N/A       1%          3
g - Summon Guardian Gole  Hex/Summ       65%        N/A       1%          3
i - Inner Flame           Hex/Fire       51%        N/A       1%          3
l - Summon Lightning Spi  Summ/Air       62%        N/A       1%          4
C - Summon Cactus Giant   Summ           35%        N/A       1%          6
F - Summon Forest         Summ/Tloc      31%        N/A       1%          5
V - Summon Mana Viper     Hex/Summ       65%        N/A       1%          5

Your spell library contained the following spells:

 Spells                   Type           Power      Damage    Failure   Level
 Apportation              Tloc           100%       N/A       1%          1
 Magic Dart               Conj           60%        1d6       1%          1
 Necrotise                Necr           60%        1d7       1%          1
 Sandblast                Erth           30%        2d9       1%          1
 Shock                    Conj/Air       100%       1d9       1%          1
 Summon Small Mammal      Summ           100%       N/A       1%          1
 Passwall                 Tmut/Erth      12%        N/A       2%          2
 Searing Ray              Conj           30%        2d5       2%          2
 Dazzling Flash           Conj/Hex       80%        N/A       1%          3
 Mephitic Cloud           Conj/Pois/Air  28%        N/A       1%          3
 Volatile Blastmotes      Fire/Tloc      92%        2d17      1%          3
 Airstrike                Air            26%        2d(4-20)  1%          4
 Silence                  Hex/Air        28%        N/A       1%          5
 Fulminant Prism          Conj/Hex       20%        3d12      2%          4
 Frozen Ramparts          Ice            30%        1d5       4%          3
 Stone Arrow              Conj/Erth      30%        3d8       4%          3
 Metabolic Englaciation   Hex/Ice        20%        N/A       6%          5
 Yara's Violent Unravell  Hex/Tmut       20%        3d9       6%          5
 Petrify                  Tmut/Erth      15%        N/A       14%         4
 Enfeeble                 Hex            30%        N/A       32%         7
 Agony                    Necr           15%        N/A       36%         5
 Starburst                Conj/Fire      13%        6d5       65%         6
 Maxwell's Capacitive Co  Air            26%        ∞         99%         8
 Ozocubu's Refrigeration  Ice            7%         4d9       100%        7
 Chain Lightning          Conj/Air       17%        3d23      100%        9
 Fire Storm               Conj/Fire      13%        8d3       100%        9
 Polar Vortex             Ice            7%         12d1*     100%        9
 Shatter                  Erth           7%         3d10*     100%        9
 Simulacrum               Ice/Necr       Unusable   N/A       N/A         6

Dungeon Overview and Level Annotations

Branches:
Dungeon (14/15)            Temple (1/1) D:5            Lair (5/5) D:10
 Shoals (0/4) Lair:2       Spider (1/4) Lair:3        Slime (0/5) Lair:4
    Orc (2/2) D:12            Elf (1/3) Orc:2        Vaults (0/5) D:14
 Bailey (visited)

Altars:
Ashenzari
Cheibriados
Dithmenos
Elyvilon
Fedhas
Gozag
Hepliaklqana
Kikubaaqudgha
Makhleb
Nemelex Xobeh
Okawaru
Qazlal
Ru
Sif Muna
Trog
Uskayaw
Vehumet
Wu Jian
Xom
Yredelemnul
Zin
The Shining One
Jiyva

Shops:
D:1 =   D:2 :   D:4 :   D:10 (=(:*   Orc:2 =*[(   Elf:1 *   Lair:5 =

Portals:
Trove: D:11 (give 2 scrolls of acquirement)

Annotations:
Lair:4 Can't explore some places
Elf:1 Norris


Innate Abilities, Weirdness & Mutations

You have sharp claws.
You have razor-sharp teeth.
You have supernaturally acute eyesight. (SInv)
You cover ground quickly. (Speed+)
Your thick and shaggy fur keeps you warm. (AC +3, rC+)
Your paws help you pounce on unaware monsters.
You are incapable of wielding weapons or throwing items.
You cannot wear armour.
You gain extra lives every three experience levels.


Message History

A spark wasp comes into view.
The demonic crawler is engulfed in blazing flames.
The demonic crawler hits you.
The demonic crawler completely misses you. x2
The spark wasp bursts into living lightning!
The living lightning hits you!!
You die...
The spark wasp blinks!
The demonic crawler is engulfed in blazing flames.
The demonic crawler completely misses you.
The demonic crawler misses you.
The demonic crawler completely misses you.
The spark wasp completely misses you.
Your cactus giant is engulfed in blazing flames.
Your cactus giant hits the demonic crawler with a +0 giant spiked club.
You rejoin the land of the living...
Found a wand of flame (8).
Found 16 gold pieces.
The spark wasp bursts into living lightning!
The living lightning misses you.
The spark wasp blinks! x2
Casting: Summon Mana Viper (dangerous; 1% risk of failure)
Confirm with . or Enter, or press ? or * to list all spells.
The spark wasp misses you. x2
The spark wasp attacks as it pursues you!
The spark wasp misses you.
Your cactus giant barely misses the spark wasp.
The spark wasp misses you.
The spark wasp attacks as it pursues you!
The spark wasp barely misses you. The spark wasp stings you!
The spark wasp shocks you!
You swap places.
Your cactus giant hits the spark wasp with a +0 giant spiked club.
The spark wasp stings you! The spark wasp shocks you!
The spark wasp completely misses you.
The spark wasp attacks as it pursues you!
The spark wasp stings you!
* * * LOW HITPOINT WARNING * * *
The spark wasp shocks you!
You die...
Your body crumbles into a pile of gold.

###....♣♣.. ...##........#
~.§........ ###..#......#..#
~..#....... ....#.........#
~~$♣..#.♣.. #...#........#
$~§........ #..##...#....#
§○§♣^......# ###..#.#..#...#
☼.C$...♣#....#.....##..#..^#
#§sy..♣##.........#.#......#
...♣....#.......@y.C##..#..#
...#.....##..#...#.#.#.###.#
♣....#.........#...$#### ##
##.......................^
##.....$....#.....#.....#
............##.#.....##
############ #########


You could see a spark wasp (ally target) and a friendly cactus giant (summoned).

Vanquished Creatures
  A tengu warrior (D:14)
  A hog (D:13)
  Menkaure (D:5)
  3 boggarts (Lair:5)
  2 wolves (Lair:5)
  An orc (Orc:1)
  2 ball pythons
  A kobold (D:1)
  A quokka (D:2)
  2 bats
  A frilled lizard (D:1)
  A butterfly (Lair:5)
17 creatures vanquished.

Vanquished Creatures (collateral kills)
  Jorgrun (D:13)
  Kirke (D:13)
  An orc warlord (Orc:1)
  The ghost of Peskiq Nyi the Thaumaturge, a journeyman DjFE of Dithmenos (D:13)
  Snorg (Orc:1)
  A deep elf high priest (Elf:1)
  Harold (D:9)
  3 hydras
  2 catoblepae
  5 centaur warriors
  4 boulder beetles
  A death knight (D:14)
  A tengu warrior (D:14)
  5 two-headed ogres
  A dancing weapon (Elf:1)
  Urug (Orc:2)
  4 orc high priests
  A demonic crawler (Spider:1)
  Sonja (D:12)
  2 deep elf knights (Elf:1)
  5 skysharks
  The ghost of Shayle the Trooper, a novice OgSh of Kikubaaqudgha (D:6)
  2 skeletal warriors (D:14)
  A wizard (D:14)
  2 phantasmal warriors (D:14)
  7 ugly things
  4 deep elf zephyrmancers (Elf:1)
  A deep elf archer (Elf:1)
  4 orc knights
  4 deep elf pyromancers
  An orb spider (Spider:1)
  4 orc sorcerers (Orc:2)
  3 cyclopes
  3 manticores
  4 black mambas
  A guardian serpent (Lair:2)
  Maurice (Orc:2)
  2 gargoyles
  8 cane toads
  2 kobold demonologists (D:11)
  A rime drake (Lair:4)
  7 komodo dragons
  A tengu conjurer (D:14)
  9 polar bears
  6 hornets (Lair:5)
  6 trolls
  A wind drake (Lair:2)
  9 dream sheep
  A tarantella (Spider:1)
  9 blink frogs (Lair:5)
  2 slime creatures
  A shadow (D:12)
  A culicivora (shapeshifter) (D:14)
  A water elemental (Elf:1)
  12 spriggans (Lair:5)
  3 wraiths (D:13)
  15 yaks
  A vampire (D:11)
  5 hogs (D:13)
  2 fire elementals (Elf:1)
  4 basilisks
  A hog (shapeshifter) (D:14)
  2 steam dragons
  2 vampire mosquitoes (D:14)
  3 wargs
  2 redbacks
  17 water moccasins
  3 acid dragons
  3 sky beasts
  34 orc warriors
  4 black bears
  8 ogres
  29 wolves
  A boggart (Lair:5)
  13 centaurs
  14 kobold brigands
  8 bullfrogs
  A gnoll sergeant (D:13)
  2 earth elementals (Elf:1)
  3 scorpions
  7 wights
  3 killer bees (D:8)
  4 howler monkeys
  A gnoll bouda (D:10)
  3 hounds
  6 jellies
  16 orc priests
  3 iguanas
  4 sleepcaps
  Terence (D:2)
  17 orc wizards
  13 gnolls
  7 adders
  3 shadow imps
  A white imp (D:7)
  A nameless horror (Lair:5)
  An ufetubus (D:6)
  4 worms
  56 orcs
  4 ball pythons
  3 endoplasms
  A giant cockroach (D:1)
  10 hobgoblins
  8 jackals
  5 quokkas
  5 bats
  3 frilled lizards
  6 goblins
  15 kobolds
  3 rats
  2 butterflies (Lair:4)
561 creatures vanquished.

Vanquished Creatures (others)
  A spark wasp (Spider:1)
  2 hydras
  A centaur warrior (D:13)
  A pharaoh ant (Lair:3)
  A slime creature (D:13)
  A wizard (D:14)
  A deep elf zephyrmancer (Elf:1)
  An oklob plant (D:10)
  A cyclops (Orc:2)
  An ugly thing (D:10)
  Joseph (D:10)
  3 black mambas
  3 cane toads
  3 rime drakes
  2 komodo dragons (Lair:1)
  2 hornets
  2 blink frogs (Lair:5)
  A polar bear (Lair:1)
  3 dream sheep
  A vampire (D:11)
  10 yaks
  A basilisk (Lair:5)
  A steam dragon (D:8)
  3 redbacks
  An acid dragon (Lair:4)
  3 water moccasins
  2 black bears
  An orc warrior (D:8)
  A sky beast (D:7)
  An ogre (D:5)
  2 wolves (Lair:5)
  3 centaurs
  Blork the orc (D:5)
  A kobold brigand (Bailey)
  A scorpion (D:7)
  4 wights (D:9)
  6 killer bees
  4 orc wizards
  5 hell rats (Lair:1)
  4 gnolls
  A white imp (D:5)
  3 orcs
  4 snaplasher vines
95 creatures vanquished.

Grand Total: 673 creatures vanquished

Notes
Turn   | Place    | Note
-------+----------+-------------------------------------------
     0 | D:1      | avis the Felid Summoner began the quest for the Orb.
     0 | D:1      | Reached XP level 1. HP: 7/7 MP: 4/4
   400 | D:1      | Reached XP level 2. HP: 11/11 MP: 1/6
   476 | D:1      | Learned a level 2 spell: Call Imp
   489 | D:1      | Found Yxei's Jewellery Shop.
  1447 | D:2      | Reached XP level 3. HP: 14/14 MP: 3/7
  1451 | D:2      | Learned a level 3 spell: Call Canine Familiar
  1597 | D:2      | Noticed Terence
  1715 | D:2      | Killed Terence
  1826 | D:2      | Found Captohap's Book Shop.
  2021 | D:2      | Reached XP level 4. HP: 18/18 MP: 3/9
  2246 | D:2      | Found a sacrificial altar of Ru.
  2727 | D:2      | Learned a level 3 spell: Summon Guardian Golem
  3754 | D:4      | Noticed a scorpion
  3759 | D:4      | Noticed a black bear
  3973 | D:3      | Reached skill level 1 in Hexes
  3973 | D:3      | Reached XP level 5. HP: 21/21 MP: 3/11
  4253 | D:4      | Reached skill level 1 in Fighting
  4458 | D:4      | Reached skill level 5 in Summonings
  4458 | D:4      | Gained mutation: You are covered in thick fur. (AC +2)
                  | [Felid growth]
  4458 | D:4      | Reached XP level 6. HP: 23/25 MP: 6/13
  4516 | D:4      | Learned a level 4 spell: Summon Lightning Spire
  4894 | D:4      | Found Rirauci's Book Boutique.
  5056 | D:4      | Reached skill level 1 in Air Magic
  5166 | D:4      | Upgraded the game from 0.31-a0-640-g39d97e502b to
                  | 0.31-a0-654-gbe3e110b4e
  5208 | D:5      | Entered Level 5 of the Dungeon
  5382 | D:5      | Reached XP level 7. HP: 30/30 MP: 6/14
  5386 | D:5      | Noticed Menkaure
  6073 | D:5      | Found a staircase to the Ecumenical Temple.
  6168 | D:5      | Killed Menkaure
  6169 | D:5      | Reached skill level 5 in Dodging
  6175 | Temple   | Entered the Ecumenical Temple
  6187 | Temple   | Became a worshipper of Gozag Ym Sagoz the Greedy
  6297 | D:5      | Noticed Blork the orc
  6325 | D:5      | Killed Blork the orc
  7077 | D:5      | Reached XP level 8. HP: 34/34 MP: 9/16
  7577 | D:6      | Found a large runed translucent door.
  7577 | D:6      | Found a large runed translucent door.
  7592 | D:6      | Reached skill level 5 in Spellcasting
  7592 | D:6      | Reached skill level 5 in Hexes
  7645 | D:6      | Noticed Shayle's ghost (novice OgSh)
  8774 | D:1      | Bought a +6 ring of intelligence for 504 gold pieces
  9468 | D:7      | Reached XP level 9. HP: 39/39 MP: 8/18
 10245 | D:7      | Reached skill level 5 in Air Magic
 10246 | D:7      | Reached skill level 5 in Fighting
 10433 | D:7      | Found a large runed translucent door.
 10436 | D:7      | Found a large runed translucent door.
 10981 | D:7      | Found a glowing silver altar of Zin.
 10990 | D:7      | Found an iron altar of Okawaru.
 11225 | D:7      | Found an ornate altar of the Wu Jian Council.
 11302 | D:7      | Found a stormy altar of Qazlal.
 11900 | D:8      | Reached XP level 10. HP: 33/46 MP: 11/20
 12146 | D:1      | Bought a ring of wizardry for 420 gold pieces
 14197 | D:9      | Noticed Harold
 14219 | D:9      | Killed Harold
 14866 | D:9      | Noticed a two-headed ogre
 14885 | D:9      | Killed a two-headed ogre
 15258 | D:6      | Killed Shayle's ghost
 15412 | D:10     | Entered Level 10 of the Dungeon
 15469 | D:10     | Noticed Joseph
 15496 | D:10     | Killed Joseph
 15497 | D:10     | Reached XP level 11. HP: 34/52 MP: 11/23
 15561 | D:10     | Noticed a purple ugly thing
 15569 | D:10     | Killed a purple ugly thing
 15694 | D:10     | Found Tegiho's Assorted Antiques.
 15729 | D:10     | Found a flagged portal.
 15762 | Bailey   | Entered a bailey
 16144 | Bailey   | Found an iron altar of Okawaru.
 16347 | D:2      | Bought a book of Misfortune for 504 gold pieces
 16351 | D:2      | Learned a level 3 spell: Inner Flame
 16518 | D:10     | Noticed an oklob plant
 16624 | D:10     | Found Goinwug's Antique Weapon Shoppe.
 16678 | D:10     | Found Wugah's Jewellery Shop.
 16729 | D:10     | Reached skill level 10 in Dodging
 16737 | D:10     | Reached skill level 1 in Fire Magic
 16847 | D:10     | Found Surybeer's Antique Weapon Emporium.
 16863 | D:10     | Found Jufedac's Vocational Training.
 16949 | D:10     | Found a staircase to the Lair.
 17158 | D:2      | Bought a book of Air for 308 gold pieces
 17162 | D:2      | Learned a level 3 spell: Swiftness
 17353 | D:10     | Killed an oklob plant
 17463 | Lair:1   | Entered Level 1 of the Lair of Beasts
 17884 | Lair:1   | Upgraded the game from 0.31-a0-654-gbe3e110b4e to
                  | 0.31-a0-656-gb4d89c20fa
 18430 | Lair:1   | Noticed a skyshark
 18447 | Lair:1   | Killed a skyshark
 18600 | Lair:1   | Reached skill level 10 in Fighting
 19317 | Lair:2   | Noticed a skyshark
 19553 | Lair:2   | Killed a skyshark
 19754 | Lair:2   | Gained mutation: Your thick and shaggy fur keeps you warm.
                  | (AC +3, rC+) [Felid growth]
 19754 | Lair:2   | Reached XP level 12. HP: 59/59 MP: 18/26
 19779 | Lair:2   | Found a staircase to the Shoals.
 19970 | Lair:2   | Noticed a four-headed hydra
 19975 | Lair:1   | Slain by a komodo dragon
 20024 | Lair:2   | HP: 2/60 [poisoned by a guardian serpent (bolt of poison)]
 20249 | Lair:2   | Killed a four-headed hydra
 20726 | Lair:2   | Noticed a boulder beetle
 20800 | Lair:2   | Killed a boulder beetle
 20838 | Lair:2   | Found the +3 pair of seven-league boots {Rampage+∞}
 20952 | Lair:3   | Reached skill level 10 in Summonings
 20982 | Lair:3   | Found a hole to the Spider Nest.
 21517 | Lair:3   | Noticed an eight-headed hydra
 21523 | Lair:3   | Killed an eight-headed hydra
 21910 | Lair:3   | Reached skill level 10 in Spellcasting
 22250 | Spider:1 | Entered Level 1 of the Spider Nest
 22279 | Lair:4   | Noticed a catoblepas
 22336 | Lair:4   | Killed a catoblepas
 22408 | Lair:4   | Found a viscous altar of Jiyva.
 22408 | Lair:4   | Found a staircase to the Slime Pits.
 23091 | Lair:4   | Reached XP level 13. HP: 64/67 MP: 18/28
 23571 | Lair:4   | Identified the +3 scale mail of Holu {rF++ rN+ Int-5}
 23744 | D:10     | Bought a manual of Evocations for 1280 gold pieces
 24200 | Lair:5   | Entered Level 5 of the Lair of Beasts
 24291 | Lair:4   | Reached skill level 1 in Evocations
 25706 | Lair:5   | Reached skill level 5 in Evocations
 26113 | Lair:5   | Learned a level 6 spell: Summon Cactus Giant
 26119 | Lair:5   | Learned a level 5 spell: Summon Mana Viper
 26125 | Lair:5   | Learned a level 5 spell: Summon Forest
 26199 | Lair:5   | Reached skill level 15 in Fighting
 26532 | Lair:5   | Reached skill level 15 in Dodging
 27148 | Lair:5   | Reached XP level 14. HP: 73/73 MP: 24/30
 27184 | Lair:5   | Upgraded the game from 0.31-a0-656-gb4d89c20fa to
                  | 0.31-a0-662-g684573625c
 27357 | D:11     | Reached skill level 1 in Translocations
 27748 | D:11     | Found a portal to a secret trove of treasure.
 28605 | D:12     | Noticed Sonja
 28610 | D:12     | Killed Sonja
 28867 | D:12     | Found a staircase to the Orcish Mines.
 29907 | Orc:1    | Entered Level 1 of the Orcish Mines
 30489 | Orc:2    | Entered Level 2 of the Orcish Mines
 30502 | Orc:2    | Noticed Urug
 30509 | Orc:2    | Noticed an orc warlord
 30512 | Orc:2    | Noticed Maurice
 30923 | Orc:1    | Killed an orc warlord
 31458 | Orc:2    | Killed Urug
 31471 | Orc:2    | Killed Maurice
 31472 | Orc:2    | Noticed Snorg
 31503 | Orc:1    | Killed Snorg
 31504 | Orc:1    | Reached skill level 5 in Translocations
 31784 | Orc:2    | Found Zaaraleh's General Store.
 31807 | Orc:2    | Found a staircase to the Elven Halls.
 31808 | Orc:2    | Bought a scroll of teleportation for 30 gold pieces
 31841 | Orc:2    | Found Toekock's Antique Weapon Boutique.
 31900 | Orc:2    | Found Gigufu's Jewellery Shop.
 32268 | Orc:2    | Found Miotosm's Antique Armour Shop.
 32735 | Elf:1    | Entered Level 1 of the Elven Halls
 32750 | Elf:1    | Found Qaog Sak's Gadget Gallery.
 32788 | Elf:1    | Killed from afar by a deep elf zephyrmancer
 33242 | Elf:1    | Noticed Norris
 33269 | Elf:1    | HP: 1/75 [skyshark[Norris] (4)]
 33275 | Elf:1    | Killed from afar by Norris
 33751 | Lair:5   | Bought a dragon-blood talisman for 1520 gold pieces
 34240 | D:13     | Noticed Jorgrun
 34257 | D:13     | Killed Jorgrun
 34258 | D:13     | Reached XP level 15. HP: 54/78 MP: 17/31
 34617 | D:13     | Noticed Kirke
 34619 | D:13     | Noticed a sphinx
 34622 | D:13     | Killed Kirke
 34870 | D:13     | Found the necklace of Bloodlust {Fury *Rage Will++ Int-3
                  | Slay+6}
 35022 | D:13     | Reached skill level 5 in Shapeshifting
 35162 | D:13     | Found a runed translucent door.
 35163 | D:13     | Noticed Peskiq Nyi's ghost (journeyman DjFE)
 35185 | D:13     | Killed Peskiq Nyi's ghost
 37615 | D:14     | Found a gate to the Vaults.
 38657 | Spider:1 | Reached skill level 10 in Shapeshifting
 38663 | Spider:1 | Killed from afar by a spark wasp
 38684 | Spider:1 | Slain by a spark wasp

Illustrated notes

Levels and vault maps discovered:
D:1:      erik_arrival_cave_to_civilisation [erik_arrival_cave_to_hall],
          layout_basic, serial_shops, shop
D:2:      layout_loops_corners, serial_shops, shop, basic_altar, uniq_terence
D:3:      layout_basic
D:4:      layout_rooms, serial_shops, nicolae_book_shop_shelving,
          guppyfry_early_lair_pool
D:5:      layout_loops_corners, minmay_temple_entry_sparse_star,
          uniq_blork_the_orc, uniq_menkaure
D:6:      layout_cave_pools, ebering_ghost_disaster_area
D:7:      kb_forest_paths, layout_basic, mainiacjoe_overflow_swirl,
          jmf_multi_god_temple2, minmay_manual_mail
D:8:      layout_basic, minmay_unpleasant_kobolds
D:9:      layout_roguey, uniq_harold
D:10:     layout_cave_pools, dpeg_oklobed_lair, enter_bailey_4, serial_shops,
          nicolae_shop_behind_doors, shop, nicolae_shop_crystal, shop,
          nicolae_shop_vocational, uniq_joseph
D:11:     layout_cross, nicolae_trove_entry_isolated, minivault_24
D:12:     layout_basic, david_orc_1_choice, serial_glass, glass_columns_b,
          glass_columns_a, uniq_sonja
D:13:     layout_loops_cross, ebering_ghost_reflecting_pool, uniq_kirke,
          uniq_jorgrun
D:14:     layout_long_grid, david_vaults_1, kennysheep_pointless_box,
          nicolae_elevator_lobby_asterisk
Temple:   mainiacjoe_temple_coin_purse
Lair:1:   layout_small_grid, infiniplex_staircase_pool_2, lemuel_fruit_fields
Lair:2:   layout_long_grid, minmay_shoals_entry_beasts,
          hangedman_lair_unloving_vines, st_stairs_6,
          hellmonk_guarded_unrand_seven_league_boots
Lair:3:   layout_chaotic_city, nicolae_spider_entry_lesser_pyramids,
          serial_rivers, chequers_serial_rivers_micro_b,
          chequers_serial_rivers_micro_c, chequers_serial_rivers_micro_e,
          chequers_serial_rivers_micro_c, chequers_serial_rivers_small_b
Lair:4:   layout_regular_city, nicolae_slime_entry_slimehenge, minivault_19,
          chequers_serial_rivers_large_a, st_stairs_8,
          chequers_serial_rivers_micro_b, guppyfry_lair_drakes,
          lemuel_fruit_fields
Lair:5:   minmay_lair_end_enchanted_forest, layout_big_grid, st_stairs_7
Spider:1: cheibrodos_forgotten_conduit, portal_ice_cave_entry_pillars_1,
          hangedman_spider_tarantella_strand
Orc:1:    layout_diamond_mine, basic_altar
Orc:2:    grunt_orc_gardens, layout_diamond_mine, grunt_orc_garden,
          grunt_orc_garden, grunt_orc_garden, grunt_orc_garden, uniq_urug,
          uniq_snorg, uniq_maurice
Elf:1:    layout_gridlike, serial_shops, nicolae_shop_just_a_little_nook,
          kennysheep_underground_church, nicolae_shop_gadgets, uniq_norris,
          uniq_donald

Skill      XL: |  1  2  3  4  5  6  7  8  9 10 11 12 13 14 15 |
---------------+----------------------------------------------+-----
Stealth        | 3 |  3.1
Dodging        | 3 4 5 6 8 9 11 13 15 16 | 16.3
Spellcasting   | 3 4 5 6 7 9 10 11 | 11.0
Hexes          | 1 2 3 4 5 8 |  8.8
Fighting       | 1 2 3 4 6 8 10 13 15 16 | 16.0
Summonings     | 5 6 7 8 9 10 11 12 | 12.1
Air Magic      | 1 2 4 6 7 |  7.0
Fire Magic     | 4 |  4.0
Evocations     | 6 |  6.0
Translocations | 7 |  7.0
Shapeshifting  | 2 10 | 10.0

Action                     |  1- 3 |  4- 6 |  7- 9 | 10-12 | 13-15 || total
---------------------------+-------+-------+-------+-------+-------++-------
  Melee: Unarmed           |     9 |     9 |     2 |     5 |    13 ||    38
         Bite              |     1 |       |       |       |       ||     1
   Cast: Summon Small Mamm |    31 |     6 |     3 |     2 |       ||    42
         Call Imp          |    13 |    23 |    48 |    32 |     9 ||   125
         Call Canine Famil |     4 |    28 |    62 |    44 |    32 ||   170
         Summon Guardian G |       |     3 |    42 |    98 |    48 ||   191
         Summon Lightning  |       |       |     5 |    61 |    75 ||   141
         Inner Flame       |       |       |       |     1 |     3 ||     4
         Swiftness         |       |       |       |     1 |     1 ||     2
         Summon Cactus Gia |       |       |       |       |   108 ||   108
         Summon Mana Viper |       |       |       |       |    55 ||    55
         Summon Forest     |       |       |       |       |    20 ||    20
 Invoke: Call Merchant     |       |       |       |       |     1 ||     1
  Evoke: Wand              |       |       |     2 |     1 |    14 ||    17
    Use: Scroll            |       |       |     6 |     5 |    19 ||    30
         Potion            |       |       |       |     2 |     4 ||     6
   Stab: Sleeping          |     2 |     1 |       |       |       ||     3
         Distracted        |       |       |       |     1 |       ||     1
         Petrified         |       |       |       |       |     1 ||     1
 Armour: Skin              |     1 |     1 |     4 |     1 |    75 ||    82
  Dodge: Dodged            |    24 |    31 |    56 |    52 |   406 ||   569
         Form:             |       |       |       |       |     5 ||     5
         Dragon            |       |       |       |       |     4 ||     4
         Maw               |       |       |       |       |     1 ||     1

Table legend: (Time is in decaauts)
 A = Elapsed time spent in this place.
 B = Non-inter-level travel time spent in this place.
 C = Inter-level travel time spent in this place.
 D = Time resting spent in this place.
 E = Time spent auto-exploring this place.
 F = Levels seen in this place.
 G = Mean time per level.
                   A        B        C        D        E       F      G
               +--------+--------+--------+--------+--------+-----+--------+
         Total |  34480 |  30305 |   4175 |  10406 |   9429 |  25 | 1379.2 |
       Dungeon |  21584 |  18402 |   3182 |   6112 |   6741 |  14 | 1541.7 |
        Temple |     30 |     14 |     16 |      0 |      0 |   1 |   30.0 |
          Lair |   9222 |   8388 |    834 |   2857 |   2113 |   5 | 1844.4 |
   Spider Nest |     87 |     87 |      0 |      0 |      0 |   1 |   87.0 |
  Orcish Mines |   2600 |   2458 |    142 |   1022 |    573 |   2 | 1300.0 |
   Elven Halls |    574 |    574 |      0 |    245 |      1 |   1 |  574.0 |
        Bailey |    380 |    380 |      0 |    170 |      0 |   1 |  380.0 |
               +--------+--------+--------+--------+--------+-----+--------+

Top non-repeatable levels by time:
  Lair:1: 2465 daAuts
  Lair:5: 2378 daAuts
     D:8: 2069 daAuts
    D:13: 2049 daAuts
     D:7: 1917 daAuts
  Lair:4: 1911 daAuts
     D:5: 1865 daAuts
    D:14: 1861 daAuts
     D:6: 1859 daAuts
   Orc:1: 1680 daAuts
     D:2: 1646 daAuts
     D:4: 1392 daAuts
     D:1: 1285 daAuts
    D:10: 1270 daAuts
  Lair:2: 1236 daAuts
